 Dungeon Crawl Stone Soup version 0.22.1-2-g9c5b331 (webtiles) character file.

514 WarriorsX the Magician (level 7, -7/50 HPs)
             Began as a Pale Draconian Ice Elementalist on Dec 28, 2018.
             Was a Follower of Nemelex Xobeh.
             Mangled by Pikel
             ... wielding a +2 whip of freezing
              (9 damage)
             ... on level 4 of the Dungeon.
             The game lasted 00:19:13 (4327 turns).

WarriorsX the Magician (DrIE)                       Turns: 4327, Time: 00:19:13

Health: -7/50      AC:  6    Str: 10    XL:     7   Next: 0%
Magic:  7/14       EV: 12    Int: 23    God:    Nemelex Xobeh [*.....]
Gold:   250        SH:  0    Dex: 11    Spells: 15/16 levels left

rFire    . . .     SeeInvis .   (no weapon)
rCold    . . .     Gourm    .   (no shield)
rNeg     . . .     Faith    .   (armour unavailable)
rPois    .         Spirit   .   (helmet restricted)
rElec    .         Reflect  .   (no cloak)
rCorr    .         Harm     .   (no gloves)
MR       .....                  (no boots)
Stlth    ++........             (no amulet)
HPRegen  0.16/turn              (no ring)
MPRegen  0.14/turn              (no ring)

@: brilliant, slowed, very slow
A: breathe steam, unfitting armour, cold-blooded, AC +6
a: Breathe Steam, Renounce Religion


You were on level 4 of the Dungeon.
You worshipped Nemelex Xobeh.
Nemelex Xobeh was aware of your devotion.
You were hungry.

You visited 1 branch of the dungeon, and saw 5 of its levels.

You collected 250 gold pieces.

Inventory:

Hand Weapons
 p - a +2 antimagic short sword
Wands
 q - a wand of paralysis (17)
Scrolls
 a - 2 scrolls of remove curse {unknown}
 c - a scroll of amnesia {unknown}
 d - 7 scrolls of identify {unknown}
 e - a scroll of enchant weapon {unknown}
 g - 2 scrolls of blinking {unknown}
 h - 5 scrolls of teleportation {unknown}
 k - a scroll of random uselessness {unknown}
 n - 2 scrolls of immolation {unknown}
 o - a scroll of fear {unknown}
 v - a scroll of magic mapping {unknown}
 x - a scroll of enchant armour {unknown}
Potions
 f - a potion of brilliance
 i - a potion of resistance {unknown}
 l - a potion of invisibility {unknown}
 m - a potion of lignification {unknown}
 r - a potion of heal wounds {unknown}
 s - a potion of berserk rage {unknown}
 t - a potion of haste {unknown}
 u - 2 potions of curing {unknown}
Miscellaneous
 w - a plain deck of summoning {drawn: 1}
Comestibles
 b - 6 rations


   Skills:
 - Level 0.2 Fighting
 - Level 0.8 Short Blades
 - Level 1.7 Dodging
 - Level 1.7 Stealth
 - Level 0.6 Unarmed Combat
 - Level 5.1 Spellcasting
   Level 1.0 Conjurations
 + Level 4.7 Ice Magic
 - Level 3.1 Invocations


You had 15 spell levels left.
You knew the following spells:

 Your Spells              Type           Power        Failure   Level  Hunger
a - Freeze                Ice            ####         1%          1    None

Your spell library contained the following spells:

 Spells                   Type           Power        Failure   Level  Hunger
 Magic Dart               Conj           ###.         1%          1    None
 Blink                    Tloc           N/A          1%          2    None
 Call Imp                 Summ           ###.....     1%          2    None
 Slow                     Hex            ###.....     1%          2    None
 Throw Frost              Conj/Ice       ####..       1%          2    None
 Ozocubu's Armour         Chrm/Ice       ####....     1%          3    ##.....
 Conjure Flame            Conj/Fire      ###.....     2%          3    ##.....
 Mephitic Cloud           Conj/Pois/Air  ###.....     3%          3    ##.....
 Throw Icicle             Conj/Ice       ####....     3%          4    ####...
 Summon Ice Beast         Ice/Summ       ####....     4%          4    ####...


Dungeon Overview and Level Annotations

Branches:
Dungeon (5/15)
 Temple: D:4-7

Altars:
Ashenzari
Cheibriados
Hepliaklqana
Nemelex Xobeh
Okawaru
Qazlal
Sif Muna
Xom

Annotations:
D:4 Pikel


Innate Abilities, Weirdness & Mutations

You can breathe blasts of scalding, opaque steam.
Your pale cyan-grey scales are hard. (AC +6)
You cannot fit into any form of body armour.
You are cold-blooded and may be slowed by cold attacks.


Message History

Press: ? - help, Shift-Dir - straight line, f/p - Pikel
Aim: Pikel, wielding a whip of freezing and wearing a robe (moderately wounded)
You freeze Pikel.
Pikel is heavily wounded.
The slave hits you. Pikel hits you with a whip of freezing. Pikel freezes you.
The slave hits you!
* * * LOW HITPOINT WARNING * * *
The slave hits you.
* * * LOW HITPOINT WARNING * * *
You feel yourself speed up.
Evoke which item? (* to show all) (? for menu, Esc to quit)
You draw a card...
It is the Rangers.
Pikel hits you with a whip of freezing.
* * * LOW HITPOINT WARNING * * *
You feel yourself slow down. Pikel freezes you.
* * * LOW HITPOINT WARNING * * *
It was a potion of brilliance.
You feel clever all of a sudden. Pikel hits you with a whip of freezing!
You die...
Your body glows slightly and disappears.

.#########.♣♣P.♣#. ......' #...
#........#... ..##......# #...
#..........♣ ♣..............###
#........[.♣ ♣♣♣....).........#..
#........)####................#..
#......).#...#...g..g.........#..
#........#...#.ppg[..............
#..†.....#...###K#####.>......#..
#........#...#..@....# .......#..
#........#...'cc.....# #..
#........#♣.♣#.......# #..
#........#...##......# #..
#........#♣.♣ #......# #..
#........... #......# #..
#.........♣.♣ #.)....# #..
#..†......... +......# #..
#.........♣.♣ ###+#### #..


You could see Pikel, 2 slaves, a gnoll shaman, a gnoll and 2 friendly yaktaurs.

Vanquished Creatures
  A hound (D:4)
  4 orc wizards
  An iguana (D:4)
  A worker ant (D:4)
  3 adders (D:3)
  2 gnolls (D:1)
  4 worms
  2 dart slugs
  2 leopard geckos
  7 orcs (D:3)
  6 giant cockroaches
  11 goblins
  11 hobgoblins
  5 jackals
  11 kobolds
  2 quokkas
  10 bats
  7 frilled lizards
  15 rats
105 creatures vanquished.

Vanquished Creatures (collateral kills)
  Sigmund (D:2)
  2 slaves (D:4)
  A phantom (D:4)
  An ogre (D:4)
  An adder (D:3)
  An adder skeleton (D:4)
  An orc (D:4)
  A goblin (D:2)
  4 jackals
  A frilled lizard (D:4)
  2 rats (D:2)
16 creatures vanquished.

Grand Total: 121 creatures vanquished

Notes
Turn   | Place    | Note
-------+----------+-------------------------------------------
     0 | D:1      | WarriorsX the Draconian Ice Elementalist began the quest
                  | for the Orb.
     0 | D:1      | Reached XP level 1. HP: 14/14 MP: 3/3
   153 | D:1      | Reached XP level 2. HP: 20/20 MP: 0/5
   412 | D:1      | Reached skill level 3 in Spellcasting
   790 | D:1      | Found a shattered altar of Ashenzari.
   821 | D:1      | Reached XP level 3. HP: 26/26 MP: 4/7
  1708 | D:2      | Found an iron altar of Okawaru.
  1750 | D:2      | Found a snail-covered altar of Cheibriados.
  1751 | D:2      | Found a stormy altar of Qazlal.
  1752 | D:2      | Found a deep blue altar of Sif Muna.
  1752 | D:2      | Found a shimmering altar of Xom.
  1753 | D:2      | Found an iron altar of Okawaru.
  1753 | D:2      | Found a sparkling altar of Nemelex Xobeh.
  1755 | D:2      | Found a hazy altar of Hepliaklqana.
  1767 | D:2      | Reached XP level 4. HP: 32/33 MP: 5/8
  1795 | D:2      | Became a worshipper of Nemelex Xobeh the Trickster
  1833 | D:2      | Received a gift from Nemelex Xobeh
  1984 | D:2      | Noticed Sigmund
  1990 | D:2      | Killed Sigmund
  1990 | D:2      | Reached XP level 5. HP: 38/38 MP: 9/9
  2782 | D:3      | You fall through a shaft for 2 floors!
  2782 | D:5      | Entered Level 5 of the Dungeon
  2793 | D:4      | Reached * piety under Nemelex Xobeh
  3014 | D:3      | Reached skill level 4 in Spellcasting
  3427 | D:3      | Reached XP level 6. HP: 41/45 MP: 6/12
  3839 | D:4      | Noticed a slave
  3867 | D:4      | Killed a slave
  3917 | D:4      | Received a gift from Nemelex Xobeh
  3943 | D:4      | Reached skill level 5 in Spellcasting
  4115 | D:4      | Your scales start taking on a pale cyan-grey colour.
  4115 | D:4      | Reached XP level 7. HP: 20/50 MP: 6/14
  4310 | D:4      | Noticed Pikel
  4326 | D:4      | HP: 1/50 [Pikel/whip of freezing (2)]
  4327 | D:4      | Mangled by Pikel

Skill      XL: |  1  2  3  4  5  6 |
---------------+-------------------+-----
Spellcasting   | 3 4 5 |  5.1
Ice Magic      | 4 |  4.7
Invocations    | 3 |  3.1
Fighting       | |  0.2
Short Blades   | |  0.8
Dodging        | |  1.7
Stealth        | |  1.7
Unarmed Combat | |  0.6
Conjurations   | |  1.0

Action                   |  1- 3 |  4- 6 |  7- 9 || total
-------------------------+-------+-------+-------++-------
Melee: Unarmed           |     8 |     7 |       ||    15
       Short sword       |       |    12 |       ||    12
 Cast: Freeze            |    73 |   110 |     9 ||   192
Evoke: Deck              |       |     7 |     3 ||    10
       Wand              |       |       |     1 ||     1
  Use: Potion            |       |       |     1 ||     1
  Eat: Chunk             |     3 |     7 |       ||    10
Armor: Skin              |    17 |    29 |     2 ||    48
Dodge: Dodged            |    55 |    58 |     3 ||   116
